 Dungeon Crawl Stone Soup version 0.26.1-11-gd32895ea62 (webtiles) character file.

Game seed: 13329147641508851511

77 Descartes the Magician (level 4, 0/26 HPs)
             Began as a Deep Elf Wanderer on June 13, 2021.
             Slain by Grinder (2 damage)
             ... on level 3 of the Dungeon.
             The game lasted 00:10:56 (3181 turns).

Descartes the Magician (Deep Elf Wanderer)          Turns: 3181, Time: 00:10:56

Health: 0/26       AC:  3    Str:  8    XL:     4   Next: 14%
Magic:  10/11      EV: 12    Int: 18    God:
Gold:   105        SH:  0    Dex: 15    Spells: 9/10 levels left

rFire    . . .     SeeInvis .   a - +2 quarterstaff
rCold    . . .     Faith    .   (shield currently unavailable)
rNeg     . . .     Spirit   .   d - +0 robe
rPois    .         Reflect  .   (no helmet)
rElec    .         Harm     .   (no cloak)
rCorr    .         Rampage  .   p - +0 pair of gloves
Will     .....                  (no boots)
Stlth    ++........             (no amulet)
HPRegen  0.08/turn              (no ring)
MPRegen  0.12/turn              (no ring)

@: no status effects
A: no striking features
a: no special abilities


You were on level 3 of the Dungeon.
You visited 1 branch of the dungeon, and saw 3 of its levels.

You collected 105 gold pieces.

Inventory:

Hand Weapons
 a - a +2 quarterstaff (weapon)
 b - a cursed +0 hunting sling
 e - a +0 dagger
 o - a +0 dagger of venom
Missiles
 f - a throwing net (quivered)
 g - 7 curare-tipped darts
 h - 6 boomerangs
 i - 89 stones
 j - 47 bolts
 m - 31 sling bullets
 q - 25 arrows
Armour
 d - a +0 robe (worn)
 p - a +0 pair of gloves (worn)
Wands
 u - a wand of flame (13)
Scrolls
 c - 6 scrolls of identify {unknown}
 k - 3 scrolls of remove curse {unknown}
 n - a scroll of enchant armour {unknown}
 r - a scroll of magic mapping {unknown}
 t - a scroll of teleportation {unknown}
Potions
 l - 2 potions of curing {unknown}
 s - a potion of mutation {unknown}


   Skills:
 + Level 1.9 Fighting
 + Level 1.9 Staves
 + Level 2.0 Dodging
 + Level 3.0 Stealth
 + Level 3.6 Spellcasting
 + Level 1.2 Conjurations
 - Level 1.2 Necromancy
 + Level 1.1 Air Magic
 - Level 1.1 Evocations


You had 9 spell levels left.
You knew the following spells:

 Your Spells              Type           Power        Failure   Level
a - Shock                 Conj/Air       28%          10%         1

Your spell library contained the following spells:

 Spells                   Type           Power        Failure   Level
 Apportation              Tloc           6%           16%         1
 Dazzling Flash           Conj/Hex       10%          34%         3
 Gell's Gravitas          Tloc           1%           43%         3


Dungeon Overview and Level Annotations

Branches:
Dungeon (3/15)

Altars:
Trog
Uskayaw
Yredelemnul

Annotations:
D:3 Grinder


Message History

Grinder is heavily wounded.
The zap misses Grinder.
You hit Grinder but do no damage.
Grinder is heavily wounded.
Grinder barely misses you.
You barely miss Grinder.
Grinder is heavily wounded.
Grinder hits you.
You writhe in agony.
* * * LOW HITPOINT WARNING * * *
You hit Grinder.
Grinder is heavily wounded.
Grinder gestures at you. Pain shoots through your body!
* * * LOW HITPOINT WARNING * * *
You hit Grinder but do no damage.
Grinder is heavily wounded.
Grinder hits you.
* * * LOW HITPOINT WARNING * * *
You writhe in agony.
You die...

######### #
#.......######
#####.#####......#
#.....#.....####.#
#.###.#........#@#
#.###.#..##.##.#5#
...##.#..#...#.#.##
.....>....._......#
....##.#.#...#..#.#
##.....#.##.##..#.#
##..##.#........#.#
.......####.....###
...........5#####


You could see Grinder.

Vanquished Creatures
  A hound skeleton (D:3)
  An adder (D:2)
  An ooze (D:1)
  2 worms (D:2)
  A dart slug (D:3)
  2 leopard geckos (D:1)
  2 orcs (D:3)
  3 goblins
  6 hobgoblins
  4 jackals (D:3)
  6 kobolds
  6 bats
  2 rats
37 creatures vanquished.

Notes
Turn   | Place    | Note
-------+----------+-------------------------------------------
     0 | D:1      | Descartes the Deep Elf Wanderer began the quest for the
                  | Orb.
     0 | D:1      | Descartes set off with the following items: a +2
                  | quarterstaff, a +0 robe, a +0 dagger; and the following
                  | spells available to memorise: Apportation, Shock, Dazzling
                  | Flash, Gell's Gravitas
     0 | D:1      | Reached XP level 1. HP: 12/12 MP: 6/6
     2 | D:1      | Learned a level 1 spell: Shock
   577 | D:1      | Reached XP level 2. HP: 12/16 MP: 1/8
  1510 | D:2      | Reached XP level 3. HP: 21/21 MP: 3/9
  1760 | D:2      | Reached skill level 1 in Air Magic
  1965 | D:3      | Found a bloodstained altar of Trog.
  2057 | D:3      | Reached skill level 1 in Conjurations
  2403 | D:3      | Noticed Grinder
  2588 | D:3      | Found a basalt altar of Yredelemnul.
  2973 | D:3      | Reached XP level 4. HP: 20/26 MP: 3/11
  3147 | D:3      | Found a hide-covered altar of Uskayaw.
  3181 | D:3      | Slain by Grinder

Illustrated notes

Levels and vault maps discovered:
D:1:      heliophobic_arrival_enchanted_forest, layout_basic, serial_forest,
          infiniplex_forest_straight_4, infiniplex_forest_lined_room_3,
          infiniplex_forest_straight_2, infiniplex_forest_clump_diagonal,
          infiniplex_forest_lined_2, infiniplex_forest_straight_2,
          amcnicky_mini_pool_small
D:2:      layout_rooms
D:3:      layout_basic, nicolae_overflow_crystal_walls,
          overflow_temple_1_default, trog_three_pillars_becter, uniq_grinder

Skill      XL: |  1  2  3 |
---------------+----------+-----
Air Magic      | 1 |  1.1
Conjurations   | 1 |  1.2
Dodging        | 2 |  2.0
Stealth        | 3 |  3.0
Fighting       | |  1.9
Staves         | |  1.9
Spellcasting   | |  3.6
Necromancy     | |  1.2
Evocations     | |  1.1

Action                   |  1- 3 |  4- 6 || total
-------------------------+-------+-------++-------
Melee: Quarterstaff      |    12 |     7 ||    19
 Cast: Shock             |   115 |     6 ||   121
Evoke: Wand              |       |     3 ||     3
Armor: Robe              |     6 |       ||     6
Dodge: Dodged            |    27 |     3 ||    30
